 Dungeon Crawl Stone Soup version 0.29.1-1-gd02db6906a (webtiles) character file.

Game seed: 17871630924659298236

1403 firemarshallily the Trooper (level 8, -4/65 HPs)
             Began as a Demonspawn Gladiator on Oct 23, 2022.
             Was a Follower of Cheibriados.
             Slain by an orc warrior
             ... wielding a +0 halberd
              (11 damage)
             ... on level 6 of the Dungeon.
             The game lasted 00:13:27 (6040 turns).

firemarshallily the Trooper (Demonspawn Gladiator)  Turns: 6040, Time: 00:13:28

Health: -4/65      AC:  5    Str: 20    XL:     8   Next: 42%
Magic:  6/8        EV: 13    Int: 19    God:    Cheibriados [*.....]
Gold:   265        SH:  0    Dex: 22    Spells: 7/7 levels left

rFire   + . .      SeeInvis .   F - +2 long sword of the Unstoppable Spines {protect, *Noise rN+++ Dex+5}
rCold   + . .      Faith    +   (no shield)
rNeg    + + +      Spirit   .   b - +0 leather armour
rPois   .          Reflect  .   c - +0 helmet
rElec   .          Harm     .   D - scarf {rC+ rF+}
rCorr   .          Rampage  .   o - +0 pair of gloves
Will    .....                   (no boots)
Stlth   +.........              j - amulet of faith
HPRegen 0.20/turn               f - +6 ring of intelligence
MPRegen 0.11/turn               (no ring)

@: confused, hasted, quick
A: hooves 2, demonic magic 1
a: Renounce Religion, Bend Time


You were on level 6 of the Dungeon.
You worshipped Cheibriados.
Cheibriados was aware of your devotion.
You visited 1 branch of the dungeon, and saw 6 of its levels.

You collected 265 gold pieces.

Inventory:

Hand Weapons
 a - a +0 flail
 F - the +2 long sword of the Unstoppable Spines (weapon) {protect, *Noise rN+++ Dex+5}
   (You found it on level 4 of the Dungeon)

   It grants its wielder temporary protection when it strikes (+7 to AC).
   Dex:       It affects your dexterity (+5).
   rN:        It renders you almost immune to negative energy.
   *Noise:    It may make noises in combat.
Missiles
 d - 5 throwing nets
 e - a javelin
 q - 38 stones (quivered)
 v - 16 poisoned darts
 I - 5 boomerangs
Armour
 b - a +0 leather armour (worn)
 c - a +0 helmet (worn)
 o - a +0 pair of gloves (worn)
 p - a +0 ring mail
 D - a scarf of resistance (worn)
Jewellery
 f - a +6 ring of intelligence (left hand)
 j - an amulet of faith (around neck)
 k - an amulet of guardian spirit
Wands
 A - a wand of mindburst (5)
 K - a wand of digging (5)
Scrolls
 g - 2 scrolls of fog {unknown}
 h - a scroll of fear {unknown}
 l - 2 scrolls of enchant armour {unknown}
 m - a scroll of noise {unknown}
 t - a scroll of acquirement {unknown}
 u - 2 scrolls of brand weapon
 w - a scroll of enchant weapon {unknown}
 x - a scroll of amnesia
 y - a scroll of summoning
 C - a scroll of immolation
 E - 2 scrolls of blinking {unknown}
 G - a scroll of vulnerability
 H - 2 scrolls of teleportation {unknown}
Potions
 i - 2 potions of might
 n - a potion of brilliance {unknown}
 s - a potion of haste
 z - a potion of cancellation {unknown}
 B - a potion of degeneration {unknown}
 J - a potion of flight {unknown}


   Skills:
 * Level 6.8 Fighting
 * Level 4.7 Long Blades
 - Level 4.3 Maces & Flails
 - Level 1.7 Throwing
 + Level 4.0 Armour
 - Level 2.6 Dodging


You had 7 spell levels left.
You didn't know any spells.
Your spell library contained the following spells:

 Spells                   Type           Power      Damage    Failure   Level
 Foxfire                  Conj/Fire      0%         2x1d4     24%         1
 Necrotise                Necr           0%         1d4       24%         1
 Ensorcelled Hibernation  Hex/Ice        0%         N/A       34%         2
 Static Discharge         Conj/Air       0%         3-3/arc   34%         2
 Sublimation of Blood     Necr           0%         N/A       34%         2
 Wereblood                Tmut           0%         N/A       34%         2
 Conjure Flame            Conj/Fire      0%         6-21      56%         3
 Frozen Ramparts          Ice            0%         1d1       56%         3
 Inner Flame              Hex/Fire       0%         N/A       56%         3
 Spider Form              Tmut/Pois      0%         N/A       56%         3
 Vampiric Draining        Necr           0%         2d6       56%         3
 Anguish                  Hex/Necr       0%         N/A       93%         4
 Dispel Undead            Necr           0%         3d6       93%         4
 Flame Wave               Conj/Fire      0%         2d4       93%         4
 Ice Form                 Ice/Tmut       0%         N/A       93%         4
 Sticky Flame             Conj/Fire      0%         2d3       93%         4
 Summon Ice Beast         Ice/Summ       0%         N/A       93%         4
 Agony                    Necr           0%         N/A       100%        5
 Summon Hydra             Summ           0%         N/A       100%        7
 Maxwell's Capacitive Co  Air            0%         ∞         100%        8
 Chain Lightning          Conj/Air       0%         N/A       100%        9


Dungeon Overview and Level Annotations

Branches:
Dungeon (6/15)             Temple (0/1) D:6

Altars:
Cheibriados
Fedhas
Gozag
Kikubaaqudgha
Makhleb
Nemelex Xobeh
Ru
Yredelemnul

Shops:
D:1 :   D:4 =


Innate Abilities, Weirdness & Mutations

You have hoof-like feet.
Spells you cast may paralyse adjacent enemies.


Message History

The orc closely misses you. The orc warrior closely misses you.
You hear some strange, mumbled words.
You are confused.
You hit the orc. Your kick misses the orc.
The orc is severely wounded.
Your adder bites something.
The orc warrior barely misses you. Something hits you but does no damage.
The orc misses you.
Your adder barely misses something.
You miss something.
Your long sword of the Unstoppable Spines shouts, "Help!"
The orc warrior hits you but does no damage.
Something hits you but does no damage.
Your adder misses something. The orc hits you with a +0 dagger.
Your adder bites something.
Your adder bites the orc warrior but does no damage.
Your adder bites the orc but does no damage.
The orc warrior barely misses you. Something closely misses your adder.
Your adder misses the orc. The orc closely misses your adder.
The orc warrior hits you from afar with a +0 halberd!
Something hits your adder.
Your adder bites the orc but does no damage.
You feel better.
Your adder bites the orc.
The orc dies!
The orc warrior hits you from afar with a +0 halberd!
You hear some strange, mumbled words.
You are confused.
Are you sure you want to stumble around while confused and next to your adder?
Okay, then.
The orc warrior hits you from afar with a +0 halberd.
The orc warrior hits you from afar with a +0 halberd.
* * * LOW HITPOINT WARNING * * *
Something completely misses you.
It was a potion of haste.
You feel yourself speed up.
Cheibriados forgives your accidental hurry, just this once.
The orc warrior hits you from afar with a +0 halberd.
* * * LOW HITPOINT WARNING * * *
The orc warrior closely misses you. Something hits you.
* * * LOW HITPOINT WARNING * * *
The orc warrior hits you from afar with a +0 halberd!
You die...

##### ........## #..# ...... ..
..#......## ..## ...... ...
#.......# #..#
.............####....##.###...##
.............#.....#. #........#
..................#####.........
..................##.#......##..
#.................##.....#..#
#...........#...@.......#####
......###......S).......#
.......#........o...##..#
................######..#
..#..........#..# #....
.##..........##.. ##....
............ .... #..##
.....~~~~~~ ....# ..#
....~~####~ ......


You could see an orc warrior and a friendly adder (summoned).

Vanquished Creatures
  Eustachio (D:6)
  2 ogres (D:5)
  A phantom (D:5)
  A kobold brigand (D:5)
  A bullfrog (D:5)
  2 necrophages
  4 scorpions
  4 hounds
  2 jellies
  3 iguanas
  Ijyb (D:3)
  8 adders
  7 gnolls
  A shadow imp (D:6)
  A white imp (D:5)
  2 ufetubi (D:5)
  3 worms
  3 dart slugs
  An orc (D:6)
  8 endoplasms
  8 giant cockroaches
  5 goblins
  4 hobgoblins
  3 jackals (D:1)
  11 kobolds
  4 quokkas
  5 ball pythons
  3 bats
  8 frilled lizards
  5 rats
112 creatures vanquished.

Vanquished Creatures (collateral kills)
  2 orcs (D:6)
2 creatures vanquished.

Grand Total: 114 creatures vanquished

Notes
Turn   | Place    | Note
-------+----------+-------------------------------------------
     0 | D:1      | firemarshallily the Demonspawn Gladiator began the quest
                  | for the Orb.
     0 | D:1      | Reached XP level 1. HP: 16/16 MP: 1/1
   473 | D:1      | Found Syomepi's Vocational Training.
   739 | D:1      | Gained mutation: You have large cloven feet. [demonic
                  | ancestry]
   739 | D:1      | Reached XP level 2. HP: 20/23 MP: 2/2
  1302 | D:2      | Reached XP level 3. HP: 28/28 MP: 3/3
  1316 | D:2      | Reached skill level 1 in Armour
  1364 | D:2      | Reached skill level 3 in Fighting
  1450 | D:2      | Reached XP level 4. HP: 28/35 MP: 4/4
  1634 | D:2      | Got Sif Muna's Guide on the Singed Lungs
  2328 | D:3      | Gained mutation: You have hoof-like feet. [demonic
                  | ancestry]
  2328 | D:3      | Reached XP level 5. HP: 18/41 MP: 5/5
  2648 | D:3      | Found a blossoming altar of Fedhas.
  2648 | D:3      | Found a sparkling altar of Nemelex Xobeh.
  2650 | D:3      | Noticed Ijyb
  2653 | D:3      | Found a basalt altar of Yredelemnul.
  2666 | D:3      | Killed Ijyb
  3059 | D:3      | Found a faded altar of an unknown god.
  3107 | D:3      | Reached skill level 4 in Fighting
  3623 | D:3      | Found a sacrificial altar of Ru.
  3843 | D:4      | Found Umetoeg's Jewellery Shoppe.
  3921 | D:4      | Identified the +2 long sword of the Unstoppable Spines
                  | {protect, *Noise rN+++ Dex+5}
  4017 | D:4      | Found a snail-covered altar of Cheibriados.
  4023 | D:4      | Found a burning altar of Makhleb.
  4025 | D:4      | Found an ancient bone altar of Kikubaaqudgha.
  4240 | D:5      | Entered Level 5 of the Dungeon
  4247 | D:5      | Noticed a phantom
  4264 | D:5      | Killed a phantom
  4265 | D:5      | Reached skill level 1 in Long Blades
  4265 | D:5      | Reached XP level 6. HP: 25/49 MP: 2/6
  4776 | D:5      | Reached skill level 5 in Fighting
  4776 | D:5      | Reached XP level 7. HP: 52/56 MP: 5/7
  5015 | D:4      | Became a worshipper of Cheibriados the Contemplative
  5316 | D:5      | Reached skill level 6 in Fighting
  5673 | D:6      | Found a staircase to the Ecumenical Temple.
  5676 | D:6      | Reached * piety under Cheibriados
  5677 | D:6      | Gained mutation: Spells you cast may paralyse adjacent
                  | enemies. [demonic ancestry]
  5677 | D:6      | Reached XP level 8. HP: 61/64 MP: 8/8
  5828 | D:6      | Found an opulent altar of Gozag.
  5913 | D:6      | Noticed Eustachio
  5923 | D:6      | Killed Eustachio
  6017 | D:6      | HP: 3/65 [orc warrior/+0 halberd (13)]
  6040 | D:6      | Slain by an orc warrior

Illustrated notes

Levels and vault maps discovered:
D:1:      tarquinn_simple_flora_water_a, layout_loops_corners,
          hangedman_decor_clover_reticule, minivault_19, nicolae_shop_vocational
D:2:      minmay_wonky_spiral, layout_basic, basic_altar, minmay_divided_ellipse
D:3:      layout_basic, overflow_temple_1_default, grunt_temple_overflow_open,
          ebering_ecumenical_altar_webs, uniq_ijyb
D:4:      layout_rooms, nicolae_overflow_hidden_temple, serial_shops,
          nicolae_shop_advertising_works [nicolae_subvault_shop_adworks]
D:5:      layout_basic, kennysheep_generic_room_11
D:6:      layout_layer_cave, nicolae_gozag_seed_capital,
          minmay_temple_entry_wispy, kennysheep_decorative_pillar,
          hangedman_decor_growths, eino_curves_02, uniq_eustachio

Skill      XL: |  1  2  3  4  5  6  7  8 |
---------------+-------------------------+-----
Maces & Flails | 3 4 |  4.3
Armour         | 1 2 3 4 |  4.0
Fighting       | 3 4 5 6 |  6.8
Long Blades    | 1 2 3 4 |  4.7
Throwing       | |  1.7
Dodging        | |  2.6

Action                   |  1- 3 |  4- 6 |  7- 9 || total
-------------------------+-------+-------+-------++-------
Melee: Flail             |    86 |   126 |       ||   212
       Kick              |    11 |    47 |    24 ||    82
       Punch             |       |     2 |     1 ||     3
       Long sword        |       |    46 |   119 ||   165
Throw: Stone             |       |     6 |       ||     6
Invok: Bend Time         |       |       |     1 ||     1
  Use: Potion            |       |     3 |     7 ||    10
       Scroll            |       |       |     6 ||     6
 Stab: Sleeping          |     1 |     2 |     2 ||     5
       Distracted        |       |       |     1 ||     1
Armor: Leather armour    |    20 |    48 |    59 ||   127
Dodge: Dodged            |    57 |   114 |   107 ||   278
